 Dungeon Crawl Stone Soup version 0.26.1-11-gd32895ea62 (webtiles) character file.

Game seed: 8165278556618701932

30 Tirrikindir the Grasshopper (level 3, -1/36 HPs)
             Began as a Halfling Warper on June 3, 2021.
             Slain by an adder (3 damage)
             ... on level 2 of the Dungeon.
             The game lasted 00:04:53 (1912 turns).

Tirrikindir the Grasshopper (Halfling Warper)       Turns: 1912, Time: 00:04:54

Health: -1/36      AC: 21    Str: 12    XL:     3   Next: 35%
Magic:  5/5        EV:  3    Int: 11    God:
Gold:   67         SH:  0    Dex: 14    Spells: 3/5 levels left

rFire    . . .     SeeInvis .   a - +0 short sword
rCold    . . .     Faith    .   (shield restricted)
rNeg     + + +     Spirit   .   (armour currently unavailable)
rPois    +         Reflect  .   (helmet currently unavailable)
rElec    .         Harm     .   (cloak currently unavailable)
rCorr    .         Rampage  .   (gloves currently unavailable)
Will     .....     NoTele   +   (boots currently unavailable)
Stlth    +++.......             l - amulet of inaccuracy (curse)
HPRegen  0.12/turn              k - ring of stealth
MPRegen  0.09/turn              (no ring)

@: tree-form, attractive
A: small, mutation resistance 1
a: no special abilities


You were on level 2 of the Dungeon.
You were a tree.
You visited 1 branch of the dungeon, and saw 2 of its levels.

You collected 67 gold pieces.

Inventory:

Hand Weapons
 a - a +0 short sword (weapon)
Missiles
 c - 14 stones (quivered)
Armour
 b - a +0 leather armour (melded)
 i - a +0 scale mail
Jewellery
 k - a ring of stealth (left branch)
 l - a cursed amulet of inaccuracy (around neck)
Scrolls
 d - 2 scrolls of blinking
 g - a scroll of teleportation
Potions
 e - 2 potions of attraction
 h - 2 potions of flight
 j - a potion of curing {unknown}
 m - a potion of lignification


   Skills:
 - Level 2.0 Fighting
 * Level 3.1 Short Blades
 - Level 1.0 Throwing
 + Level 1.4 Armour
 + Level 2.4 Dodging
 + Level 1.0 Stealth
 + Level 1.7 Spellcasting
 + Level 3.4 Translocations


You had 3 spell levels left.
You knew the following spells:

 Your Spells              Type           Power        Failure   Level
a - Blink                 Tloc           N/A          11%         2

Your spell library contained the following spells:

 Spells                   Type           Power        Failure   Level
 Gell's Gravitas          Tloc           4%           22%         3
 Lesser Beckoning         Tloc           4%           22%         3
 Teleport Other           Tloc           8%           22%         3
 Passage of Golubria      Tloc           N/A          58%         4


Dungeon Overview and Level Annotations

Branches:
Dungeon (2/15)

Altars:
Elyvilon

Annotations:
D:2 Terence


Innate Abilities, Weirdness & Mutations

You are small and have problems with some larger weapons.
You are somewhat resistant to further mutation.


Message History

* * * LOW HITPOINT WARNING * * *
It was a potion of flight.
You feel very buoyant.
You fly up into the air.
The adder barely misses you.
Okay, then.
You feel sick.
You are no longer poisoned.
The adder bites you.
* * * LOW HITPOINT WARNING * * *
The adder closely misses you.
You see here a dart slug corpse.
The rat twitches its whiskers.
The adder misses you. The adder bites you.
* * * LOW HITPOINT WARNING * * *
The rat is pulled toward you!
It was a potion of lignification.
You turn into a tree.
Your +0 leather armour melds into your body.
Your roots penetrate the ground.
The adder bites you.
You die...

# #.##.# #.#.###..# #
#.##.###.#.###..## #
#.##.............#####
.#
#.....###..##..........
##
###.....#..#.....######
#.#.#.#..##....#
#.#.#.#..##....#
#.#.#.#...S....#
#........♣r.####
#############


You could see an adder and a rat.

Vanquished Creatures
  An ooze (D:1)
  A worm (D:2)
  2 dart slugs (D:2)
  A giant cockroach (D:1)
  A goblin (D:1)
  3 hobgoblins
  A quokka (D:2)
  3 frilled lizards
  4 kobolds (D:1)
  3 rats
20 creatures vanquished.

Vanquished Creatures (others)
  A goblin (D:2)
1 creature vanquished.

Grand Total: 21 creatures vanquished

Notes
Turn   | Place    | Note
-------+----------+-------------------------------------------
     0 | D:1      | Tirrikindir the Halfling Warper began the quest for the
                  | Orb.
     0 | D:1      | Reached XP level 1. HP: 14/14 MP: 3/3
   186 | D:1      | Reached XP level 2. HP: 19/19 MP: 4/4
   395 | D:1      | Learned a level 2 spell: Blink
   674 | D:2      | Found a white marble altar of Elyvilon.
  1059 | D:2      | Noticed Terence
  1426 | D:2      | Reached XP level 3. HP: 24/24 MP: 5/5
  1807 | D:2      | Reached skill level 1 in Stealth
  1910 | D:2      | HP: 1/24 [adder (3)]
  1912 | D:2      | Slain by an adder

Illustrated notes

Levels and vault maps discovered:
D:1:      shiori_shiawase, layout_basic
D:2:      layout_loops_corners, serial_aquarium, aquarium_bridge_long_separate
          [aquarium_subvault_window, aquarium_subvault_bridge,
          aquarium_subvault_wall, aquarium_subvault_wall,
          aquarium_subvault_bridge, aquarium_subvault_bridge],
          aquarium_window_corridor_1, aquarium_window_fake,
          aquarium_window_fake, aquarium_view_2d, elyvilon_altar_4, uniq_terence

Skill      XL: |  1  2  3 |
---------------+----------+-----
Fighting       | 2 |  2.0
Short Blades   | 3 |  3.1
Stealth        | 1 |  1.0
Throwing       | |  1.0
Armour         | |  1.4
Dodging        | |  2.4
Spellcasting   | |  1.7
Translocations | |  3.4

Action                   || total
-------------------------++-------
Melee: Short sword       ||   132
Throw: Boomerang         ||     5
       Stone             ||     2
 Cast: Blink             ||     1
  Use: Scroll            ||     6
       Potion            ||     4
 Stab: Sleeping          ||     3
Armor: Leather armour    ||    20
Dodge: Dodged            ||    72
